 Dungeon Crawl Stone Soup version 0.20.1-1-g8b1a95d (webtiles) character file.

154 jmlagarto the Skirmisher (level 5, -3/47 HPs)
             Began as a Draconian Wanderer on Sept 19, 2017.
             Slain by an ogre
             ... wielding a +0 giant spiked club
              (15 damage)
             ... on level 4 of the Dungeon.
             The game lasted 00:03:40 (2645 turns).

jmlagarto the Skirmisher (Draconian Wanderer)       Turns: 2645, Time: 00:03:41

Health: -3/47      AC:  5    Str: 11    XL:     5   Next: 13%
Magic:  4/5        EV:  8    Int: 15    God:
Gold:   165        SH:  7    Dex: 12    Spells: 3/4 levels left

rFire    . . .     SeeInvis .   i - +0 mace (protect)
rCold    . . .     Gourm    .   a - +0 shield
rNeg     . . .     Faith    .   (armour unavailable)
rPois    .         Spirit   .   (helmet restricted)
rElec    .         Reflect  .   (no cloak)
rCorr    +         Harm     .   (no gloves)
MR       .....                  (no boots)
Stlth    +.........             (no amulet)
Regen    0.2/turn               j - ring of resist corrosion
MPRegen  0.1/turn               (no ring)

@: very slightly contaminated
A: unfitting armour, cold-blooded, AC +5
a: no special abilities


You were on level 4 of the Dungeon.
You were not hungry.

You visited 1 branch of the dungeon, and saw 4 of its levels.

You collected 165 gold pieces.

Inventory:

Hand Weapons
 b - a +0 hand crossbow
 e - a +0 hand axe
 i - a +0 mace of protection (weapon)
Missiles
 c - 15 bolts
Armour
 a - a +0 shield (worn)
Jewellery
 j - a ring of resist corrosion (left hand)
Scrolls
 h - 3 scrolls of teleportation {unknown}
 m - a scroll of remove curse
 n - 3 scrolls of identify {unknown}
 o - a scroll of amnesia
 r - a scroll of enchant armour {unknown}
Potions
 g - a potion of heal wounds {unknown}
 k - 2 potions of haste {unknown}
Books
 d - Vehumet's Incunabulum of Confrontation

   Spells                             Type                      Level
   a - Shock                          Conjuration/Air              1
   b - Static Discharge               Conjuration/Air              3
Comestibles
 f - 2 bread rations
 l - 12 fruits
 p - 2 meat rations
 q - a royal jelly


   Skills:
 + Level 4.4 Fighting
 + Level 3.8 Crossbows
 + Level 0.1 Dodging
 + Level 0.8 Stealth
 + Level 1.5 Shields
 + Level 2.0 Conjurations
   Level 1.0 Charms
   Level 1.0 Evocations


You had 3 spell levels left.
You knew the following spells:

 Your Spells              Type           Power        Failure   Level  Hunger
a - Shock                 Conj/Air       #...         71%         1    ##.....


Dungeon Overview and Level Annotations

Branches:
Dungeon (4/15)
 Temple: D:4-7

Altars:


Innate Abilities, Weirdness & Mutations

Your plain brown scales are hard. (AC +5)
You cannot fit into any form of body armour.
You are cold-blooded and may be slowed by cold attacks.


Message History

Casting: Shock
Confirm with . or Enter, or press ? or * to list all spells.
Aiming: Shock
Press: ? - help, Shift-Dir - straight line, f/p - ogre
Aim: an ogre, wielding a giant spiked club (heavily wounded)
You miscast Shock.
You are very lightly contaminated with residual magic.
Sparks fly from your hands!
Wield which item (- for none, * to show all)? (? for menu, Esc to quit)
Your +0 mace of protection hums with potential!
i - a +0 mace of protection (weapon)
The ogre closely misses you.
You hit the ogre but do no damage.
Your weapon exudes an aura of protection.
The ogre is heavily wounded.
You block the ogre's attack.
You closely miss the ogre.
The ogre is heavily wounded.
The ogre hits you with a giant spiked club!
You die...

## #(# ##
.##.#####.#
#.....(....
#.....(....
#..).(.....
#..........
#..O...#
#..@...#
#..........
.....#####...
......# .
######


You could see an ogre.

Vanquished Creatures
  A centaur zombie (D:3)
  An orc wizard (D:3)
  An adder (D:3)
  2 worms
  A dart slug (D:2)
  4 leopard geckos
  4 orcs (D:3)
  3 giant cockroaches
  6 hobgoblins
  11 jackals
  3 ball pythons
  6 bats
  5 frilled lizards
  5 goblins
  8 kobolds
  9 rats
70 creatures vanquished.

Notes
Turn   | Place    | Note
-------+----------+-------------------------------------------
     0 | D:1      | jmlagarto the Draconian Wanderer began the quest for the Orb.
     0 | D:1      | jmlagarto set off with: a +0 shield, a +0 hand crossbow, 26 bolts, Vehumet's Incunabulum of Confrontation, a bread ration
     0 | D:1      | Reached XP level 1. HP: 19/19 MP: 1/1
   227 | D:1      | Identified Vehumet's Incunabulum of Confrontation
   248 | D:1      | Reached XP level 2. HP: 27/27 MP: 2/2
   454 | D:1      | Reached skill level 4 in Fighting
   665 | D:1      | Reached XP level 3. HP: 31/33 MP: 3/3
  1054 | D:2      | Learned a level 1 spell: Shock
  2007 | D:3      | Reached XP level 4. HP: 28/41 MP: 4/4
  2301 | D:3      | Reached XP level 5. HP: 44/47 MP: 5/5
  2634 | D:4      | Noticed an ogre
  2645 | D:4      | Slain by an ogre

Skill      XL: |  1  2  3 |
---------------+----------+-----
Crossbows      | 2 3 |  3.8
Fighting       | 4 |  4.4
Dodging        | |  0.1
Stealth        | |  0.8
Shields        | |  1.5
Conjurations   | |  2.0
Charms         | |  1.0
Evocations     | |  1.0

Action                   |  1- 3 |  4- 6 || total
-------------------------+-------+-------++-------
Melee: Mace              |       |     2 ||     2
 Fire: Hand crossbow     |   138 |    51 ||   189
  Use: Scroll            |     3 |       ||     3
  Eat: Meat ration       |     1 |       ||     1
Armor: Skin              |    25 |    11 ||    36
Dodge: Dodged            |    21 |    13 ||    34
Block: Shield            |    25 |    15 ||    40
